 Dungeon Crawl Stone Soup version 0.27-a0-1334-g2746e35aca (webtiles) character file.

Game seed: 14013392831696691156

65426 dickylongcocking the Fighter (level 15, -9/118 HPs)
             Began as a Djinni Conjurer on June 27, 2021.
             Was the Champion of Makhleb.
             Killed from afar by a rime drake (19 damage)
             ... with a flash freeze
             ... on level 6 of the Lair of Beasts.
             The game lasted 00:44:28 (30429 turns).

dickylongcocking the Fighter (Djinni Conjurer)     Turns: 30429, Time: 00:44:29

Health: -9/118     AC: 16    Str:  6    XL:     15   Next: 58%
Gold:   2028       EV: 16    Int: 27    God:    Makhleb [******] SH:  0 Dex: 13

rFire    + + +     SeeInvis .   X - staff of air
rCold    . . .     Faith    .   (no shield)
rNeg     . . .     Spirit   .   f - +0 steam dragon scales
rPois    ∞         Reflect  .   (no helmet)
rElec    +         Harm     .   n - +2 cloak {rF+}
rCorr    .         Rampage  .   (no gloves)
Will     +....                  (boots unavailable)
Stlth    ++........             L - amulet of the acrobat
HPRegen  0.29/turn              m - ring of Qiqousk {rElec rC+ AC+4}
MPRegen  0.00/turn              K - +4 ring of protection

@: about to teleport, flying, hasted, very quick
A: sickness immunity, fire resistance 2, cold vulnerability 1, float, innate
caster, hp casting, extra vitality 1, clever 1
a: Renounce Religion, Minor Destruction, Lesser Servant of Makhleb, Major
Destruction, Greater Servant of Makhleb


You were on level 6 of the Lair of Beasts.
You worshipped Makhleb.
Makhleb was exalted by your worship.
You visited 3 branches of the dungeon, and saw 18 of its levels.
You also visited: Ice Cave and Volcano.

You collected 2028 gold pieces.

Inventory:

Hand Weapons
 i - a +0 short sword
 p - a +0 lajatang
 x - a +9 dire flail of freezing
Missiles
 H - a throwing net
 V - 5 atropa-tipped darts
Armour
 a - a +0 robe
 f - +0 steam dragon scales (worn)
 n - a +2 cloak of fire resistance (worn)
 q - a +0 cloak
 z - +0 ice dragon scales
 A - the +0 leather armour of Virtue {Str+2}
   (You found it on level 7 of the Dungeon)

   It affects your strength (+2).
Magical Staves
 X - a staff of air (weapon)
Jewellery
 j - a +4 ring of evasion
 m - the ring of Qiqousk (left hand) {rElec rC+ AC+4}
   (You acquired it on level 1 of the Lair of Beasts)

   [ring of protection]

   It affects your AC (+4).
   It protects you from cold.
   It insulates you from electricity.
 s - a ring of fire
 t - a ring of wizardry
 y - a ring of protection from fire
 D - an amulet of faith
 F - a ring of see invisible
 J - a ring of poison resistance
 K - a +4 ring of protection (right hand)
 L - an amulet of the acrobat (around neck)
 N - the ring of the Final Decision {Fire Dex+5}
   (You found it on level 3 of the Lair of Beasts)

   [ring of fire]

   It enhances your fire magic.
   It affects your dexterity (+5).
   It protects you from fire.
   It makes you vulnerable to cold.
 O - a ring of positive energy
 P - a ring of positive energy
Wands
 h - a wand of digging (4)
 w - a wand of flame (17)
 B - a wand of charming (16)
 C - a wand of polymorph (16)
 T - a wand of iceblast (5)
Scrolls
 c - 4 scrolls of immolation
 g - 3 scrolls of teleportation
 k - a scroll of enchant armour {unknown}
 l - a scroll of holy word
 G - 2 scrolls of vulnerability
 M - 3 scrolls of magic mapping {unknown}
 Q - a scroll of torment {unknown}
 S - a scroll of enchant weapon
 U - a scroll of identify
Potions
 b - 3 potions of attraction {unknown}
 e - 4 potions of lignification {unknown}
 o - 2 potions of mutation
 r - 4 potions of might
 u - a potion of berserk rage {unknown}
 E - 5 potions of ambrosia {unknown}
 I - 2 potions of resistance {unknown}
 Y - a potion of curing
Miscellaneous
 v - a box of beasts (inert)


   Skills:
 * Level 14.8 Fighting
 - Level 1.3 Short Blades
 - Level 8.4 Maces & Flails
 + Level 9.5 Dodging
 - Level 3.6 Stealth
 + Level 12.2 Spellcasting
 - Level 7.0 Evocations


You had one spell level left.
You knew the following spells:

 Your Spells              Type           Power      Damage    Failure   Level
a - Magic Dart            Conj           100%       1d8       1%          1
b - Searing Ray           Conj           100%       3d7       1%          2
c - Dazzling Flash        Conj/Hex       100%       N/A       1%          3
d - Fulminant Prism       Conj/Hex       35%        3d18      1%          4
e - Iskenderun's Mystic   Conj/Tloc      70%        2d14      1%          4
f - Pain                  Necr           100%       1d9       1%          1
g - Static Discharge      Conj/Air       90%        N/A       1%          2
h - Blink                 Tloc           N/A        N/A       1%          2
i - Mephitic Cloud        Conj/Pois/Air  90%        N/A       1%          3
j - Petrify               Tmut/Erth      70%        N/A       1%          4
k - Bolt of Magma         Conj/Fire/Erth 35%        4d15      1%          5
l - Conjure Ball Lightni  Conj/Air       45%        3x3d16    3%          6
Your spell library was empty.

Dungeon Overview and Level Annotations

Branches:
Dungeon (11/15)            Temple (1/1) D:5            Lair (6/6) D:10
 Shoals (0/4) Lair:3        Snake (0/4) Lair:4        Slime (0/5) Lair:5
    Orc (0/2) D:11          IceCv (visited)         Volcano (visited)

Altars:
Ashenzari
Cheibriados
Dithmenos
Elyvilon
Fedhas
Gozag
Hepliaklqana
Kikubaaqudgha
Makhleb
Nemelex Xobeh
Okawaru
Qazlal
Ru
Sif Muna
Trog
Uskayaw
Vehumet
Wu Jian
Xom
Yredelemnul
Zin
The Shining One

Shops:
D:11 (

Portals:
Abyss: D:10

Annotations:
D:10 2 transporters, Orlauf's ghost, journeyman TrHu


Innate Abilities, Weirdness & Mutations

You are immune to sickness and miasma.
You are immune to poison.
Your flesh is very heat resistant. (rF++)
You are vulnerable to cold. (rC-)
You float through the air rather than walking.
You learn spells naturally, not from books.
Your magical power is your life essence.
You have superior vitality. (+4 HP)
Your mind is acute. (Int +2)


Message History

Casting: Conjure Ball Lightning (dangerous; 3% risk of failure)
Confirm with . or Enter, or press ? or * to list all spells.
Okay, then.
Unknown command.
Casting: Conjure Ball Lightning (dangerous; 3% risk of failure)
Confirm with . or Enter, or press ? or * to list all spells.
Okay, then.
Casting: Conjure Ball Lightning (dangerous; 3% risk of failure)
Confirm with . or Enter, or press ? or * to list all spells.
You feel a surge of power! Really attack your cane toad?
Okay, then.
Unknown command.
Casting: Static Discharge (safe; 1% risk of failure)
Confirm with . or Enter, or press ? or * to list all spells.
Okay, then.
Your cane toad stings the water moccasin!!
The water moccasin dies!
Makhleb accepts your kill.
The wyvern bites you but does no damage.
Casting: Static Discharge (safe; 1% risk of failure)
Confirm with . or Enter, or press ? or * to list all spells.
Okay, then.
Okay, then.
Okay, then.
You feel yourself speed up. The wyvern barely misses you.
The rime drake breathes ice at you. The flash freeze misses you.
Your cane toad barely misses the wyvern.
Unknown command.
Unknown command.
Okay, then.
Okay, then.
A nearby fungus withers and dies.
Okay, then.
As you read the scroll of teleportation, it crumbles to dust.
You feel strangely unstable. The wyvern misses you.
The rime drake breathes ice at you. The flash freeze hits you!!
You die...

#..#....#.P.P.#..#..P♣PPP.P..#
....†..##P.........P.P.PP....#
.......###.....$..P.......P.##
......................#......#
............#..#?...†........#
....#........#.#......†.....##
.#(##.....#.P#....F#PP.......#
...##.....#..P.kPl.#.....P....#
....##.†..##....@.##..?†##...##
.... #..††.#......#.....# P...#
.. ##†...##.$..##..†.## .... #
##..†.#....#[...## ...
##...##..##...## ..#
#...#..#...## #..####..## #!.
#.... .######.[


You could see a rime drake (catching breath), a wyvern (ally target) and a
friendly cane toad (charmed).

Vanquished Creatures
  4 entropy weavers (Lair:5)
  A red draconian (Volcano)
  2 ice dragons (IceCv)
  3 boulder beetles
  4 hydras
  An ogre mage (Volcano)
  A centaur warrior (D:11)
  8 two-headed ogres
  2 ghost crabs (Lair:5)
  7 death yaks
  Urug (Lair:3)
  5 fire crabs (Lair:5)
  A swamp dragon (Lair:1)
  A lindwurm (Lair:6)
  An oklob plant (Lair:1)
  A cyclops (D:9)
  An apocalypse crab (Lair:5)
  3 centaur zombies
  5 elephants
  3 black mambas
  A molten gargoyle (Volcano)
  2 ice statues (IceCv)
  A gargoyle (Volcano)
  A kobold demonologist (D:11)
  7 rime drakes
  Maggie (D:6)
  13 cane toads
  An unseen horror (D:10)
  7 komodo dragons
  3 meliai (Lair:4)
  A queen bee (Lair:4)
  2 hornets
  A polar bear (Lair:2)
  Grinder (D:5)
  15 blink frogs
  A meliai zombie (D:10)
  4 dream sheep (Lair:6)
  A shadow (D:11)
  Sigmund (D:2)
  A wraith (D:11)
  6 wyverns
  Eustachio (D:6)
  2 basilisks
  45 yaks
  2 fire bats (Volcano)
  4 steam dragons
  Menkaure (D:6)
  4 nagas (Lair:4)
  Edmund (D:5)
  An acid dragon (D:7)
  Duvessa (D:6)
  16 water moccasins
  3 orc warriors
  2 swamp drakes (Lair:1)
  14 ice beasts (IceCv)
  2 sky beasts
  4 black bears
  2 necrophages
  2 ogres
  16 wolves
  5 centaurs
  A phantom (D:7)
  8 bullfrogs
  Blork the orc (D:5)
  2 scorpions
  A gnoll sergeant (D:11)
  A water moccasin zombie (D:3)
  A water moccasin skeleton (D:5)
  Dowan (D:6)
  46 killer bees
  4 howler monkeys
  6 lava snakes (Volcano)
  4 hounds
  7 jellies
  4 orc priests
  Jessica (D:3)
  2 centaur skeletons
  Natasha (thrice) (D:3)
  5 orc wizards
  2 iguanas
  5 hell rats
  Robin (D:2)
  8 gnolls
  3 howler monkey zombies
  8 adders
  2 river rats (Lair:4)
  A white imp (D:7)
  An ufetubus (D:6)
  34 orcs
  5 ball pythons
  8 endoplasms
  2 giant cockroaches
  11 goblins
  8 hobgoblins
  3 jackals (D:4)
  2 kobolds
  7 quokkas
  5 bats
  5 frilled lizards
  7 rats
  6 fulminant prisms
486 creatures vanquished.

Vanquished Creatures (collateral kills)
  A wolf spider (Lair:6)
  A water moccasin (Lair:6)
2 creatures vanquished.

Vanquished Creatures (others)
  A wyvern (Lair:4)
  34 ball lightnings
  86 fulminant prisms
  55 fungi
  194 plants
370 creatures vanquished.

Grand Total: 858 creatures vanquished

Notes
Turn   | Place    | Note
-------+----------+-------------------------------------------
     0 | D:1      | dickylongcocking the Djinni Conjurer began the quest for
                  | the Orb.
     0 | D:1      | Reached XP level 1. HP: 15/15 MP: 0/0
   225 | D:1      | Found a faded altar of an unknown god.
   328 | D:1      | Reached XP level 2. HP: 18/21 MP: 0/0
  1425 | D:2      | Noticed Sigmund
  1452 | D:2      | Killed Sigmund
  1453 | D:2      | Reached skill level 5 in Spellcasting
  1453 | D:2      | Reached XP level 3. HP: 13/25 MP: 0/0
  1453 | D:2      | Learned a level 1 spell: Pain
  1453 | D:2      | Reached XP level 4. HP: 16/31 MP: 0/0
  1453 | D:2      | Reached XP level 5. HP: 19/35 MP: 0/0
  1453 | D:2      | Learned a level 2 spell: Static Discharge
  2029 | D:2      | Reached XP level 6. HP: 35/40 MP: 0/0
  2042 | D:2      | Noticed Robin
  2047 | D:2      | Killed Robin
  2910 | D:3      | Noticed Natasha
  2916 | D:3      | Killed Natasha
  2932 | D:3      | Noticed Natasha
  2942 | D:3      | Killed Natasha
  3299 | D:3      | Reached XP level 7. HP: 41/45 MP: 0/0
  3299 | D:3      | Learned a level 2 spell: Blink
  3491 | D:3      | Noticed Jessica
  3496 | D:3      | Killed Jessica
  3606 | D:3      | Noticed Natasha
  3611 | D:3      | Killed Natasha
  3899 | D:4      | Found a shadowy altar of Dithmenos.
  3899 | D:4      | Found a faded altar of an unknown god.
  3907 | D:4      | Found a blossoming altar of Fedhas.
  3909 | D:4      | Found a faded altar of an unknown god.
  3913 | D:4      | Found a sparkling altar of Nemelex Xobeh.
  4386 | D:4      | Reached XP level 8. HP: 27/50 MP: 0/0
  4845 | D:5      | Entered Level 5 of the Dungeon
  5053 | D:5      | Noticed Grinder
  5061 | D:5      | Killed Grinder
  5073 | D:5      | Reached skill level 1 in Short Blades
  5420 | D:5      | Noticed Edmund
  5432 | D:5      | Killed Edmund
  5449 | D:5      | Noticed Blork the orc
  5454 | D:5      | Killed Blork the orc
  5455 | D:5      | Reached skill level 1 in Fighting
  5569 | D:5      | Reached skill level 2 in Fighting
  5581 | D:5      | Reached XP level 9. HP: 51/59 MP: 0/0
  5581 | D:5      | Learned a level 3 spell: Mephitic Cloud
  5649 | D:5      | Found a staircase to the Ecumenical Temple.
  5792 | Temple   | Entered the Ecumenical Temple
  6034 | Temple   | Became a worshipper of Makhleb the Destroyer
  6389 | D:6      | Reached skill level 1 in Maces & Flails
  6445 | D:6      | Noticed Maggie
  6458 | D:6      | Killed Maggie
  6459 | D:6      | Reached skill level 3 in Fighting
  6645 | D:6      | Noticed Eustachio
  6651 | D:6      | Reached skill level 4 in Fighting
  6651 | D:6      | Killed Eustachio
  6651 | D:6      | Noticed Menkaure
  6665 | D:6      | Noticed Duvessa
  6666 | D:6      | Noticed Dowan
  6915 | D:6      | Killed Dowan
  6919 | D:6      | Killed Duvessa
  6920 | D:6      | Reached skill level 5 in Fighting
  7152 | D:6      | Reached skill level 5 in Dodging
  7345 | D:6      | Killed Menkaure
  8035 | D:7      | Reached XP level 10. HP: 66/72 MP: 0/0
  8078 | D:7      | Reached skill level 6 in Fighting
  8799 | D:7      | Reached skill level 7 in Fighting
  8805 | D:7      | Identified the +0 leather armour of Virtue {Str+2}
 10277 | D:8      | Noticed a two-headed ogre
 10288 | D:8      | Killed a two-headed ogre
 10289 | D:8      | Reached skill level 8 in Fighting
 11043 | D:9      | Reached * piety under Makhleb
 11475 | D:9      | Reached XP level 11. HP: 43/82 MP: 0/0
 11475 | D:9      | Learned a level 4 spell: Petrify
 12248 | D:9      | Noticed a two-headed ogre
 12264 | D:9      | Killed a two-headed ogre
 12265 | D:9      | Reached skill level 9 in Fighting
 12479 | D:9      | Noticed a two-headed ogre
 12489 | D:9      | Killed a two-headed ogre
 12575 | D:9      | Noticed a cyclops
 12579 | D:9      | Noticed a two-headed ogre
 12590 | D:9      | Killed a cyclops
 12604 | D:9      | Killed a two-headed ogre
 12610 | D:9      | Reached skill level 10 in Fighting
 13177 | D:10     | Entered Level 10 of the Dungeon
 13633 | D:10     | Found a transporter.
 13645 | D:10     | Noticed a toenail golem
 13778 | D:10     | Found a one-way gate to the infinite horrors of the Abyss.
 13779 | D:10     | Found a transporter.
 13791 | D:10     | Noticed an elephant
 13792 | D:10     | Found a staircase to the Lair.
 13804 | D:10     | Killed an elephant
 14467 | D:10     | Noticed Orlauf's ghost (journeyman TrHu)
 14473 | D:10     | Noticed a skeletal warrior
 14776 | D:11     | Noticed a boulder beetle
 14814 | D:11     | Killed a boulder beetle
 14815 | D:11     | Reached XP level 12. HP: 26/93 MP: 0/0
 15226 | D:11     | Found Udweil's Antique Weapon Emporium.
 15639 | D:11     | Noticed a centaur warrior
 15652 | D:11     | Killed a centaur warrior
 15869 | D:11     | Reached ** piety under Makhleb
 16255 | D:11     | Found a staircase to the Orcish Mines.
 16435 | Lair:1   | Entered Level 1 of the Lair of Beasts
 16452 | Lair:1   | Reached skill level 11 in Fighting
 16830 | Lair:1   | Identified a scroll of acquirement
 16830 | Lair:1   | Acquired the ring of Qiqousk {rElec rC+ AC+4}
 16883 | Lair:1   | Noticed a seven-headed hydra
 16885 | Lair:1   | Noticed a swamp dragon
 16964 | Lair:1   | Found a dark tunnel.
 16974 | Volcano  | Entered a volcano
 17366 | Volcano  | Found a burning altar of Makhleb.
 17366 | Volcano  | Noticed a two-headed ogre
 17366 | Volcano  | Noticed an ogre mage
 17366 | Volcano  | Noticed a two-headed ogre
 17366 | Volcano  | Noticed a two-headed ogre
 17371 | Volcano  | Killed a two-headed ogre
 17371 | Volcano  | Killed a two-headed ogre
 17372 | Volcano  | Reached skill level 10 in Spellcasting
 17382 | Volcano  | Killed a two-headed ogre
 17394 | Volcano  | Killed an ogre mage
 17395 | Volcano  | Reached skill level 5 in Maces & Flails
 17535 | Volcano  | Noticed a two-headed ogre
 17546 | Volcano  | Killed a two-headed ogre
 17579 | Volcano  | Noticed a red draconian
 17751 | Volcano  | Killed a red draconian
 18361 | Lair:1   | Noticed a five-headed hydra
 18370 | Lair:1   | Killed a five-headed hydra
 18371 | Lair:1   | Reached XP level 13. HP: 55/100 MP: 0/0
 18371 | Lair:1   | Learned a level 5 spell: Bolt of Magma
 18566 | Lair:1   | Reached skill level 12 in Fighting
 18659 | Lair:1   | Killed a seven-headed hydra
 19608 | Lair:2   | Found a frozen archway.
 19743 | IceCv    | Entered an ice cave
 19745 | IceCv    | Reached *** piety under Makhleb
 20758 | IceCv    | Noticed an ice dragon
 20758 | IceCv    | Noticed an ice dragon
 20770 | IceCv    | Killed an ice dragon
 21158 | IceCv    | Killed an ice dragon
 21406 | Lair:2   | Reached skill level 1 in Evocations
 21497 | Lair:2   | Noticed a boulder beetle
 21524 | Lair:2   | Killed a boulder beetle
 22530 | Lair:2   | Reached skill level 13 in Fighting
 22530 | Lair:2   | Reached XP level 14. HP: 55/110 MP: 0/0
 22856 | Lair:2   | Reached **** piety under Makhleb
 23253 | Lair:3   | Identified the ring of the Final Decision {Fire Dex+5}
 23528 | Lair:3   | Found a staircase to the Shoals.
 23867 | Lair:3   | Noticed Urug
 23881 | Lair:3   | Killed Urug
 24631 | Lair:4   | Found a staircase to the Snake Pit.
 24836 | Lair:4   | Reached ***** piety under Makhleb
 25269 | Lair:4   | HP: 5/110 [meliai/divine providence (14)]
 25271 | Lair:4   | HP: 2/110 [killer bee (3)]
 25278 | Lair:4   | HP: 4/110 [meliai/divine providence (14)]
 25643 | Lair:4   | Reached skill level 5 in Evocations
 27285 | Lair:5   | Found a runed translucent door.
 27433 | Lair:5   | Found a staircase to the Slime Pits.
 27566 | Lair:5   | Reached XP level 15. HP: 51/116 MP: 0/0
 27566 | Lair:5   | Learned a level 6 spell: Conjure Ball Lightning
 28004 | Lair:5   | You are sucked into a shaft and drop 1 floor!
 28004 | Lair:6   | Entered Level 6 of the Lair of Beasts
 28011 | Lair:6   | Reached skill level 14 in Fighting
 29729 | Lair:5   | Gained mutation: Potions are less effective at restoring
                  | your health. [mutagenic glow]
 29913 | Lair:5   | Lost mutation: Potions are less effective at restoring your
                  | health. [potion of mutation]
 29913 | Lair:5   | Gained mutation: Your movements are slightly less
                  | encumbered by armour. (ER -2) [potion of mutation]
 29913 | Lair:5   | Lost mutation: Your movements are slightly less encumbered
                  | by armour. (ER -2) [potion of mutation]
 29913 | Lair:5   | Gained mutation: Your mind is acute. (Int +2) [potion of
                  | mutation]
 30384 | Lair:6   | Reached ****** piety under Makhleb
 30429 | Lair:6   | Killed from afar by a rime drake

Illustrated notes

Levels and vault maps discovered:
D:1:      amcnicky_arrival_wind_blow, layout_basic,
          ebering_ecumenical_altar_hall
D:2:      layout_basic, uniq_sigmund, uniq_robin
D:3:      layout_rooms, lemuel_blue_sif_altar, uniq_natasha, uniq_jessica
D:4:      layout_rooms, chequers_temple_overflow_minitemple,
          gup_sewer_entry_bowl, amcnicky_mini_corridor_feature
D:5:      layout_layer_cave, minmay_temple_entry_trees, serial_bayou,
          serial_bayou_lagoon_a, serial_bayou_pond_a, serial_bayou_pond_d,
          serial_bayou_pond_a, kennysheep_generic_room_14, uniq_blork_the_orc,
          uniq_edmund, uniq_grinder
D:6:      layout_basic, uniq_duvessa, uniq_menkaure, uniq_maggie, uniq_eustachio
D:7:      layout_layer_cave
D:8:      layout_layer_cave, eino_small_chamber_without_monster
D:9:      minmay_angry_zag, layout_basic, hangedman_decor_lopped
D:10:     layout_loops_corners, david_lair_generic,
          gammafunk_ghost_abyssal_escape
D:11:     layout_loops_cross, hiddenorc1_lemuel, serial_shops,
          nicolae_shop_trees, grunt_decor_junction
Temple:   dpeg_five_rooms_temple
Lair:1:   layout_big_grid, enter_volcano_1, chequers_serial_rivers_small_a,
          chequers_serial_rivers_large_b, pond, minmay_lair_oklob_chamber,
          grunt_megastairs_5, lemuel_fruit_tree, lemuel_fruit_fields
Lair:2:   layout_gridlike, portal_ice_cave_rime, beast_lair_carwin_10,
          grunt_megastairs_2, infiniplex_staircase_pool_2, serial_bayou_shore_b
Lair:3:   layout_regular_city, minmay_shoals_entry_centaurs, basic_altar,
          serial_forest, infiniplex_forest_lined_4_way,
          infiniplex_forest_clump_medium, infiniplex_forest_zigzag_2,
          infiniplex_forest_clump_small, infiniplex_forest_zigzag_1,
          infiniplex_forest_lined_corner, infiniplex_forest_clump_long,
          infiniplex_forest_side_room, infiniplex_forest_lined_corner,
          hibernation_bobbens, uniq_urug
Lair:4:   regret_index_tunnel_blossom, layout_long_grid,
          minmay_snake_entry_guardpost_medium
Lair:5:   gammafunk_mikee_crab_dinner, layout_gridlike,
          nicolae_slime_entry_slimehenge
Lair:6:   hangedman_lair_caniforms_friends, layout_misc_corridors,
          hangedman_lair_tendril_chambers, serial_forest,
          infiniplex_forest_clump_medium, infiniplex_forest_lined_1,
          infiniplex_forest_lined_1, infiniplex_forest_clump_large,
          infiniplex_forest_lined_3

Skill      XL: |  1  2  3  4  5  6  7  8  9 10 11 12 13 14 15 |
---------------+----------------------------------------------+-----
Spellcasting   | 5 6 7 8 9 10 11 12 | 12.2
Stealth        | 2 3 |  3.6
Dodging        | 3 5 8 9 |  9.5
Short Blades   | 1 |  1.3
Fighting       | 2 5 8 10 11 13 14 | 14.8
Maces & Flails | 2 3 5 7 8 |  8.4
Evocations     | 2 6 7 |  7.0

Action                   |  1- 3 |  4- 6 |  7- 9 | 10-12 | 13-15 || total
-------------------------+-------+-------+-------+-------+-------++-------
Melee: Short sword       |       |       |    11 |       |       ||    11
       Dire flail        |       |       |    17 |   137 |    27 ||   181
 Cast: Magic Dart        |    31 |    44 |    73 |     4 |     3 ||   155
       Searing Ray       |     2 |    13 |    30 |    27 |     8 ||    80
       Fulminant Prism   |       |     4 |    17 |    47 |    24 ||    92
       Iskenderun's Myst |       |       |     9 |    34 |    28 ||    71
       Dazzling Flash    |       |       |     3 |       |       ||     3
       Mephitic Cloud    |       |       |     2 |    17 |     4 ||    23
       Pain              |       |       |     2 |    12 |       ||    14
       Blink             |       |       |     2 |     1 |       ||     3
       Static Discharge  |       |       |       |    34 |    50 ||    84
       Petrify           |       |       |       |    14 |    15 ||    29
       Bolt of Magma     |       |       |       |       |   287 ||   287
       Conjure Ball Ligh |       |       |       |       |    12 ||    12
Evoke: Wand              |       |       |       |     7 |    21 ||    28
       Box of beasts     |       |       |       |       |     2 ||     2
  Use: Potion            |     1 |       |       |     3 |    10 ||    14
       Scroll            |       |       |     7 |    13 |    14 ||    34
 Stab: Petrified         |       |       |       |    11 |       ||    11
       Confused          |       |       |       |     2 |       ||     2
Armor: Robe              |     1 |     2 |     7 |       |       ||    10
       Steam dragon scal |       |       |     8 |    36 |    83 ||   127
       Leather armour    |       |       |       |    20 |       ||    20
Dodge: Dodged            |     3 |     4 |    49 |   246 |   191 ||   493

Table legend: (Time is in decaauts)
 A = Elapsed time spent in this place.
 B = Non-inter-level travel time spent in this place.
 C = Inter-level travel time spent in this place.
 D = Time resting spent in this place.
 E = Time spent auto-exploring this place.
 F = Levels seen in this place.
 G = Mean time per level.
                   A        B        C        D        E       F      G
               +--------+--------+--------+--------+--------+-----+--------+
         Total |  30410 |  29743 |    667 |   6158 |  20215 |  20 | 1520.5 |
       Dungeon |  16187 |  15769 |    418 |   2162 |  12195 |  11 | 1471.5 |
        Temple |    273 |    214 |     59 |      0 |    212 |   1 |  273.0 |
          Lair |  10920 |  10732 |    188 |   2532 |   6716 |   6 | 1820.0 |
      Ice Cave |   1644 |   1644 |      0 |    945 |    467 |   1 | 1644.0 |
       Volcano |   1384 |   1384 |      0 |    519 |    625 |   1 | 1384.0 |
               +--------+--------+--------+--------+--------+-----+--------+

Top non-repeatable levels by time:
  Lair:5: 3041 daAuts
  Lair:4: 2776 daAuts
     D:9: 2149 daAuts
  Lair:1: 2021 daAuts
    D:11: 1937 daAuts
     D:5: 1908 daAuts
     D:8: 1742 daAuts
   IceCv: 1644 daAuts
  Lair:2: 1606 daAuts
     D:1: 1470 daAuts
     D:2: 1385 daAuts
 Volcano: 1384 daAuts
  Lair:3: 1377 daAuts
    D:10: 1327 daAuts
     D:7: 1272 daAuts
